[Event "26th OIBM 2023"]
[Site "Gmund am Tegernsee"]
[Date "2023.11.01"]
[Round "5.26"]
[White "Liepold, Stefan"]
[Black "Schuster, Karsten"]
[Result "1-0"]
[ECO "B12"]
[WhiteElo "2150"]
[BlackElo "2309"]
[Annotator "ChessBase"]
[PlyCount "93"]
[EventDate "2023.10.04"]
[EventType "swiss"]
[EventCountry "GER"]
[SourceTitle "playchess.com"]
[Source "ChessBase"]
[SourceQuality "1"]
[TimeControl "40/5400+30:1800+30"]

1. e4 c6 2. d4 d5 3. e5 Bf5 4. h4 h5 5. Bd3 Bxd3 6. Qxd3 Qa5+ 7. b4 Qa6 8. Qd2 e6 9. Ne2 Ne7 10. Nbc3 Nf5 11. Rb1 Qc4 12. a3 Nd7 13. Nd1 f6 14. exf6 gxf6 15. Qd3 Qxd3 16. cxd3 Bd6 17. Ne3 Nxe3 18. Bxe3 Kf7 19. g3 b5 20. O-O a5 21. Rfc1 Rhc8 22. Bd2 axb4 23. Bxb4 Bxb4 24. axb4 Ra3 25. Ra1 Rxd3 26. Ra7 Ke7 27. Re1 Rf3 28. Nf4 Rxf4 29. gxf4 Rg8+ 30. Kf1 Kd6 31. Re3 Rg4 32. Rg3 Rxg3 33. fxg3 f5 34. Ke2 Ke7 35. Ke3 Kd8 36. Ra8+ Ke7 37. Ra7 Kd8 38. Ra8+ Ke7 39. Kf3 Nf6 40. Ra7+ Kd8 41. Rf7 Ne4 42. Ke3 Nxg3 43. Rh7 Ne4 44. Rxh5 Ke7 45. Rh7+ Kf6 46. Rc7 Nc3 47. h5 1-0

[Event "26th OIBM 2023"]
[Site "Gmund am Tegernsee"]
[Date "2023.11.01"]
[Round "5.27"]
[White "Solomon, Kenny"]
[Black "Hofmann, Lorenz"]
[Result "1/2-1/2"]
[ECO "B12"]
[WhiteElo "2300"]
[BlackElo "2091"]
[Annotator "ChessBase"]
[PlyCount "64"]
[EventDate "2023.10.04"]
[EventType "swiss"]
[EventCountry "GER"]
[SourceTitle "playchess.com"]
[Source "ChessBase"]
[SourceQuality "1"]
[TimeControl "40/5400+30:1800+30"]

1. e4 c6 2. d4 d5 3. e5 c5 4. dxc5 e6 5. a3 Bxc5 6. Nf3 a5 7. Bd3 Ne7 8. O-O Nbc6 9. Nc3 Ng6 10. Re1 O-O 11. Bg5 f6 12. exf6 gxf6 13. Bh6 Re8 14. h4 Bf8 15. Qd2 Nge5 16. Nxe5 fxe5 17. Re3 e4 18. Rg3+ Kh8 19. Bg5 Be7 20. Bb5 Bxg5 21. hxg5 Rg8 22. Bxc6 bxc6 23. Qd4+ Rg7 24. g6 Qc7 25. Qf6 Qe7 26. Qe5 hxg6 27. Rxg6 Kg8 28. Rf6 Bd7 29. Re1 Rf8 30. Rxf8+ Kxf8 31. Qf4+ Ke8 32. Qb8+ Qd8 1/2-1/2

[Event "26th OIBM 2023"]
[Site "Gmund am Tegernsee"]
[Date "2023.11.01"]
[Round "5.28"]
[White "Ammon, Tobias"]
[Black "Hrebenshchykova, Yelyzaveta"]
[Result "1-0"]
[ECO "C47"]
[WhiteElo "2145"]
[BlackElo "2299"]
[Annotator "ChessBase"]
[PlyCount "89"]
[EventDate "2023.10.04"]
[EventType "swiss"]
[EventCountry "GER"]
[SourceTitle "playchess.com"]
[Source "ChessBase"]
[SourceQuality "1"]
[TimeControl "40/5400+30:1800+30"]

1. e4 e5 2. Nf3 Nc6 3. d4 exd4 4. Nxd4 Nf6 5. Nc3 Bb4 6. Nxc6 bxc6 7. Bd3 O-O 8. O-O d5 9. exd5 cxd5 10. h3 c6 11. Qf3 h6 12. Bf4 Re8 13. Rfd1 a5 14. Na4 Be6 15. c4 Nd7 16. Rac1 Bf8 17. Qg3 Qf6 18. cxd5 Bxd5 19. Nc3 Nb6 20. Be3 Bd6 21. Qg4 Rab8 22. Ne4 Bxe4 23. Bxe4 c5 24. Qf5 Qxf5 25. Bxf5 Bf8 26. Bxc5 Re5 27. Bxf8 Kxf8 28. Bd3 a4 29. Rc7 Rd8 30. Rcc1 a3 31. bxa3 Ra5 32. Bc2 Rxd1+ 33. Bxd1 Rxa3 34. Bb3 Ra7 35. Rc6 Nd7 36. Kf1 Ke7 37. Ke2 Ra5 38. f4 h5 39. h4 f6 40. Ke3 g5 41. g3 gxh4 42. gxh4 Rb5 43. Re6+ Kd8 44. Rd6 Ra5 45. Rd5 1-0

[Event "26th OIBM 2023"]
[Site "Gmund am Tegernsee"]
[Date "2023.11.01"]
[Round "5.29"]
[White "Manukonda Arun"]
[Black "Schneider, Jana"]
[Result "0-1"]
[ECO "D38"]
[WhiteElo "2143"]
[BlackElo "2285"]
[Annotator "ChessBase"]
[PlyCount "102"]
[EventDate "2023.10.04"]
[EventType "swiss"]
[EventCountry "GER"]
[SourceTitle "playchess.com"]
[Source "ChessBase"]
[SourceQuality "1"]
[TimeControl "40/5400+30:1800+30"]

1. d4 Nf6 2. c4 e6 3. Nc3 d5 4. Nf3 Bb4 5. Qa4+ Nc6 6. e3 O-O 7. Qc2 dxc4 8. Bxc4 Bd6 9. a3 e5 10. dxe5 Nxe5 11. Nxe5 Bxe5 12. Bd2 Re8 13. O-O-O Qe7 14. Rhe1 Be6 15. Bd3 c5 16. f4 c4 17. Be2 Bxc3 18. Bxc3 Nd5 19. Bf3 Nxc3 20. Qxc3 Rac8 21. e4 b5 22. f5 Bd7 23. Qb4 f6 24. Qxe7 Rxe7 25. g4 Bc6 26. Rd6 Bb7 27. Kd2 Rce8 28. Rd4 Rc7 29. Rc1 Ree7 30. Kc3 a5 31. h4 g6 32. Rcd1 Kg7 33. Rg1 Re5 34. Rgd1 Bc6 35. Re1 Rce7 36. Kd2 Rc5 37. Rd6 Kf7 38. g5 Rd7 39. Rxd7+ Bxd7 40. fxg6+ hxg6 41. gxf6 Kxf6 42. Kc3 Ke5 43. Rg1 Kf4 44. Bd1 Rc6 45. Rg5 Re6 46. Kd4 Rxe4+ 47. Kd5 Bf5 48. Kc5 Re1 49. Bh5 Re5+ 50. Kb6 gxh5 51. Rxh5 b4 0-1

[Event "26th OIBM 2023"]
[Site "Gmund am Tegernsee"]
[Date "2023.11.01"]
[Round "5.30"]
[White "Nagel, Bernhard"]
[Black "Cherniaiev, Tykhon"]
[Result "0-1"]
[ECO "A39"]
[WhiteElo "2142"]
[BlackElo "2278"]
[Annotator "ChessBase"]
[PlyCount "122"]
[EventDate "2023.10.04"]
[EventType "swiss"]
[EventCountry "GER"]
[SourceTitle "playchess.com"]
[Source "ChessBase"]
[SourceQuality "1"]
[TimeControl "40/5400+30:1800+30"]

1. c4 c5 2. Nf3 Nf6 3. g3 g6 4. Bg2 Bg7 5. Nc3 Nc6 6. d4 cxd4 7. Nxd4 O-O 8. O-O Qa5 9. e3 d6 10. Bd2 Qb6 11. Nxc6 bxc6 12. b3 Bb7 13. Rc1 Nd7 14. Na4 Qc7 15. Bc3 c5 16. Bxg7 Kxg7 17. Nc3 a5 18. f4 Bxg2 19. Kxg2 f5 20. Qf3 Nf6 21. Rfe1 Rae8 22. Rcd1 Qd7 23. Rd2 Rf7 24. e4 fxe4 25. Nxe4 Nxe4 26. Rxe4 a4 27. Rde2 axb3 28. axb3 Qb7 29. R4e3 Rb8 30. Kf2 Qxf3+ 31. Kxf3 e5 32. Rd2 exf4 33. gxf4 Rf6 34. Kg3 Rb7 35. Red3 Rb6 36. Ra2 Rf7 37. Rad2 Rfb7 38. Rxd6 Rxd6 39. Rxd6 Rxb3+ 40. Kg4 Rc3 41. Rd7+ Kh6 42. Rc7 Rxc4 43. Rc6 Rc1 44. f5 Rc4+ 45. Kg3 Kg7 46. fxg6 hxg6 47. Kf3 Kh6 48. Kg3 Kg5 49. Rc8 Rc3+ 50. Kg2 Kf4 51. Rc7 c4 52. Rc8 g5 53. Rc7 Rc2+ 54. Kg1 c3 55. Rc8 Ke3 56. Re8+ Kd2 57. Rd8+ Ke1 58. Rd3 Ke2 59. Rd5 Rd2 60. Rxg5 c2 61. Rc5 Kd1 0-1

[Event "26th OIBM 2023"]
[Site "Gmund am Tegernsee"]
[Date "2023.11.01"]
[Round "5.31"]
[White "Mueller, Elias"]
[Black "Dalinger, Valeri"]
[Result "1-0"]
[ECO "C26"]
[WhiteElo "2015"]
[BlackElo "2269"]
[Annotator "ChessBase"]
[PlyCount "127"]
[EventDate "2023.10.04"]
[EventType "swiss"]
[EventCountry "GER"]
[SourceTitle "playchess.com"]
[Source "ChessBase"]
[SourceQuality "1"]
[TimeControl "40/5400+30:1800+30"]

1. e4 e5 2. Nc3 Nc6 3. g3 Nf6 4. Bg2 Bc5 5. Nge2 O-O 6. O-O a6 7. d3 d6 8. h3 Be6 9. Nd5 Ne8 10. c3 f5 11. exf5 Bxf5 12. Ne3 Rb8 13. Nxf5 Rxf5 14. Qc2 Rf8 15. d4 Bb6 16. Be3 exd4 17. cxd4 Qd7 18. Nf4 Nd8 19. Bd2 Nf6 20. d5 Nf7 21. Ne6 Rfe8 22. Bc3 Ne5 23. Qf5 c6 24. Rae1 Nxd5 25. Bxd5 cxd5 26. Bxe5 Qxe6 27. Qxe6+ Rxe6 28. Bf4 Rbe8 29. Rd1 d4 30. Rd2 h6 31. g4 Kf7 32. Kg2 d5 33. Rfd1 Re4 34. Bg3 R8e6 35. b3 Ke8 36. Rd3 Kd7 37. R1d2 Ba5 38. Rd1 Bc3 39. f4 Re2+ 40. Kf3 Rxa2 41. f5 Re4 42. Rxc3 dxc3 43. Rxd5+ Kc6 44. Rd6+ Kc5 45. Kxe4 Rd2 46. Rg6 Rd7 47. Be5 c2 48. Bb2 Kb4 49. Rb6+ Ka5 50. Re6 Kb4 51. f6 gxf6 52. Rb6+ Ka5 53. Rxf6 Rd1 54. Rxh6 c1=Q 55. Bxc1 Rxc1 56. g5 Rg1 57. h4 b5 58. Kf5 Kb4 59. Rxa6 Kxb3 60. h5 b4 61. h6 Kc2 62. h7 Rh1 63. Rh6 Rf1+ 64. Ke4 1-0

[Event "26th OIBM 2023"]
[Site "Gmund am Tegernsee"]
[Date "2023.11.01"]
[Round "5.32"]
[White "Ehrke, Michael"]
[Black "Galioglu, Cem"]
[Result "0-1"]
[ECO "D00"]
[WhiteElo "2156"]
[BlackElo "1921"]
[Annotator "ChessBase"]
[PlyCount "84"]
[EventDate "2023.10.04"]
[EventType "swiss"]
[EventCountry "GER"]
[SourceTitle "playchess.com"]
[Source "ChessBase"]
[SourceQuality "1"]
[TimeControl "40/5400+30:1800+30"]

1. d4 d5 2. Bf4 c5 3. e3 Nc6 4. c3 Bf5 5. Nd2 e6 6. Ngf3 Qb6 7. Qb3 c4 8. Qxb6 axb6 9. a3 b5 10. Rc1 Nf6 11. Nh4 Be4 12. f3 Bd3 13. Bxd3 cxd3 14. g4 h6 15. Ng2 g5 16. Bg3 h5 17. gxh5 Nxh5 18. Kf2 Na5 19. Rhd1 Nxg3 20. hxg3 Nc4 21. Rb1 e5 22. dxe5 Nxe5 23. Nb3 Ra6 24. Nd4 Rf6 25. Rh1 Rg8 26. f4 Ng4+ 27. Ke1 gxf4 28. exf4 Nh6 29. Rh3 Ng4 30. Rh5 Bc5 31. Kd2 Nf2 32. Re5+ Kf8 33. Rxd5 Rxg3 34. Ne3 Rxf4 35. Rd8+ Ke7 36. Nef5+ Kxd8 37. Nxg3 Be7 38. Ndf5 Bg5 39. Ke1 d2+ 40. Ke2 d1=Q+ 41. Rxd1+ Nxd1 42. Kxd1 Rf2 0-1

[Event "26th OIBM 2023"]
[Site "Gmund am Tegernsee"]
[Date "2023.11.01"]
[Round "5.33"]
[White "Kobold, Jonathan"]
[Black "Cordes, Hans-Joerg"]
[Result "0-1"]
[ECO "B22"]
[WhiteElo "1901"]
[BlackElo "2146"]
[Annotator "ChessBase"]
[PlyCount "72"]
[EventDate "2023.10.04"]
[EventType "swiss"]
[EventCountry "GER"]
[SourceTitle "playchess.com"]
[Source "ChessBase"]
[SourceQuality "1"]
[TimeControl "40/5400+30:1800+30"]

1. e4 c5 2. c3 e6 3. d4 d5 4. exd5 exd5 5. Nf3 Nc6 6. Bb5 Bd6 7. dxc5 Bxc5 8. O-O Nf6 9. Qe2+ Be6 10. Nd4 O-O 11. Nxe6 fxe6 12. Qxe6+ Kh8 13. Bxc6 bxc6 14. Be3 Re8 15. Qxc6 Bxe3 16. fxe3 Qb8 17. Nd2 Qxb2 18. Nb3 Rac8 19. Qa6 Qxc3 20. Qxa7 Ra8 21. Qd4 Rxe3 22. Qxc3 Rxc3 23. Rf3 Rc4 24. Rd3 Kg8 25. Kf1 Kf7 26. Ke2 Ke7 27. Nd2 Rca4 28. a3 Kd6 29. Rb3 R8a7 30. Kd3 Nd7 31. Kc2 Ne5 32. Kb2 Rd4 33. Kc2 Rf4 34. g3 Rf2 35. h4 Nc4 36. Rd3 Rc7 0-1

[Event "26th OIBM 2023"]
[Site "Gmund am Tegernsee"]
[Date "2023.11.01"]
[Round "5.34"]
[White "Navarro Jahnke, Leo"]
[Black "Waldschmidt, Georg"]
[Result "1/2-1/2"]
[ECO "D02"]
[WhiteElo "1884"]
[BlackElo "2141"]
[Annotator "NA"]
[PlyCount "62"]
[EventDate "2023.10.04"]
[EventType "swiss"]
[EventCountry "GER"]
[SourceTitle "playchess.com"]
[Source "ChessBase"]
[SourceQuality "1"]
[TimeControl "40/5400+30:1800+30"]

1. d4 d5 2. Nf3 Nf6 3. Bf4 e6 4. e3 Bd6 5. Bg3 O-O 6. Nbd2 c5 7. c3 Qc7 8. Bd3 Nbd7 9. O-O Bxg3 10. hxg3 e5 11. dxe5 Nxe5 12. Nxe5 Qxe5 13. Nf3 Qe7 14. Qc2 g6 15. c4 Be6 16. cxd5 Bxd5 17. Rac1 b6 18. Nd2 Rad8 19. Be2 Rd7 20. Rfd1 Rfd8 21. Bb5 Rd6 22. Nc4 Be4 23. Qa4 Rd5 24. Rxd5 Rxd5 25. Bc6 Rd8 26. Bxe4 Nxe4 27. Rd1 Rxd1+ 28. Qxd1 Qf6 29. Qc2 Qf5 30. g4 Qd5 31. f3 Nd6 1/2-1/2

[Event "26th OIBM 2023"]
[Site "Gmund am Tegernsee"]
[Date "2023.11.01"]
[Round "5.35"]
[White "Epding, Olaf"]
[Black "Zieger, Bernd"]
[Result "0-1"]
[ECO "C15"]
[WhiteElo "2134"]
[BlackElo "1873"]
[Annotator "NA"]
[PlyCount "69"]
[EventDate "2023.10.04"]
[EventType "swiss"]
[EventCountry "GER"]
[SourceTitle "playchess.com"]
[Source "ChessBase"]
[SourceQuality "1"]
[TimeControl "40/5400+30:1800+30"]

1. e4 e6 2. d4 d5 3. Nc3 Bb4 4. Nge2 dxe4 5. a3 Be7 6. Nxe4 Nf6 7. N2g3 Nbd7 8. Bd3 b6 9. O-O Bb7 10. Be3 O-O 11. Nxf6+ Nxf6 12. c4 c5 13. dxc5 Bxc5 14. Bxc5 bxc5 15. b4 Qc7 16. b5 Rfd8 17. Qc2 Rd4 18. Rfd1 h5 19. h3 Qe5 20. Bf1 h4 21. Ne2 Rdd8 22. a4 Ne4 23. Rxd8+ Rxd8 24. Rd1 Rxd1 25. Qxd1 Nd6 26. Qd2 g5 27. Qc3 Qf5 28. Nc1 Ne4 29. Qc2 Qf4 30. Nb3 g4 31. hxg4 h3 32. g3 Nxg3 33. Bxh3 Qf3 34. Kh2 Ne2 35. Bf1 0-1

[Event "26th OIBM 2023"]
[Site "Gmund am Tegernsee"]
[Date "2023.11.01"]
[Round "5.36"]
[White "Eichler, Alexander"]
[Black "Fahland, Matthias"]
[Result "1-0"]
[ECO "B31"]
[WhiteElo "1860"]
[BlackElo "2133"]
[Annotator "NA"]
[PlyCount "95"]
[EventDate "2023.10.04"]
[EventType "swiss"]
[EventCountry "GER"]
[SourceTitle "playchess.com"]
[Source "ChessBase"]
[SourceQuality "1"]
[TimeControl "40/5400+30:1800+30"]

1. e4 c5 2. Nf3 Nc6 3. Bb5 g6 4. Bxc6 dxc6 5. O-O Bg7 6. d3 Bg4 7. h3 Bxf3 8. Qxf3 e5 9. Be3 b6 10. Nd2 Nf6 11. Nc4 Qc7 12. a4 a5 13. Qg3 Nh5 14. Qg4 Nf4 15. Bxf4 exf4 16. e5 O-O 17. Qxf4 f6 18. Nd6 fxe5 19. Qc4+ Kh8 20. Ne4 Rae8 21. c3 Qd7 22. Rab1 Qd5 23. b4 cxb4 24. cxb4 Rc8 25. bxa5 bxa5 26. Rb7 Rfd8 27. Nc5 Bf8 28. Rc1 Rb8 29. Qxd5 cxd5 30. Rxb8 Rxb8 31. Nd7 Re8 32. Nxf8 Rxf8 33. Rc5 Rd8 34. Rxa5 Kg7 35. Kf1 h5 36. Ra6 Kf7 37. a5 Rc8 38. Rd6 Rc5 39. a6 Ra5 40. Ke2 d4 41. Kf3 Ra2 42. Rb6 Ra1 43. Ke4 Re1+ 44. Kd5 e4 45. a7 exd3 46. a8=Q d2 47. Qa7+ Re7 48. Qa5 1-0

[Event "26th OIBM 2023"]
[Site "Gmund am Tegernsee"]
[Date "2023.11.01"]
[Round "5.37"]
[White "Lerchl, Clemens"]
[Black "Sieglen, Joachim"]
[Result "1/2-1/2"]
[ECO "B33"]
[WhiteElo "1850"]
[BlackElo "2110"]
[Annotator "ChessBase"]
[PlyCount "86"]
[EventDate "2023.10.04"]
[EventType "swiss"]
[EventCountry "GER"]
[SourceTitle "playchess.com"]
[Source "ChessBase"]
[SourceQuality "1"]
[TimeControl "40/5400+30:1800+30"]

1. e4 c5 2. Nf3 Nc6 3. d4 cxd4 4. Nxd4 Nf6 5. Nc3 e5 6. Ndb5 d6 7. Bg5 a6 8. Na3 b5 9. Nd5 Be7 10. Bxf6 Bxf6 11. c3 Rb8 12. Nc2 O-O 13. Be2 Bg5 14. O-O Bd7 15. Qd3 a5 16. a3 a4 17. Ndb4 Be7 18. Nxc6 Bxc6 19. Nb4 Bd7 20. Rad1 Qc8 21. Nd5 Bd8 22. Ne3 Be7 23. Nd5 Bg5 24. Qg3 Bd8 25. Ne3 Qc6 26. Bg4 Be6 27. Qh3 Bb3 28. Rd2 Bg5 29. Qg3 Qxe4 30. Rxd6 Qf4 31. Re1 Qxg3 32. hxg3 Rfd8 33. Rxd8+ Rxd8 34. Bd1 Be6 35. Be2 Bxe3 36. fxe3 Bc4 37. Rd1 Rxd1+ 38. Bxd1 Bd3 39. Kf2 f5 40. g4 fxg4 41. b3 axb3 42. Bxb3+ Kf8 43. Kg3 Ke7 1/2-1/2

[Event "26th OIBM 2023"]
[Site "Gmund am Tegernsee"]
[Date "2023.11.01"]
[Round "5.38"]
[White "Bilandzic, Ante"]
[Black "Kraemer, Stefan"]
[Result "1/2-1/2"]
[ECO "D02"]
[WhiteElo "1840"]
[BlackElo "2105"]
[Annotator "ChessBase"]
[PlyCount "81"]
[EventDate "2023.10.04"]
[EventType "swiss"]
[EventCountry "GER"]
[SourceTitle "playchess.com"]
[Source "ChessBase"]
[SourceQuality "1"]
[TimeControl "40/5400+30:1800+30"]

1. d4 e6 2. Nf3 Nf6 3. Bf4 d5 4. Nbd2 c5 5. c3 Nc6 6. e3 Nh5 7. Bg3 Nxg3 8. hxg3 Bd6 9. Bd3 g6 10. Qe2 O-O 11. O-O-O e5 12. dxe5 Nxe5 13. Nxe5 Bxe5 14. Rxh7 Kxh7 15. Qh5+ Kg7 16. Qxe5+ Qf6 17. Qc7 c4 18. Bc2 b5 19. e4 Be6 20. e5 Qd8 21. Qc5 Rb8 22. Ne4 Rh8 23. Nf6 Qb6 24. Qxb6 Rxb6 25. Nxd5 Bxd5 26. Rxd5 Rh2 27. Be4 Rh1+ 28. Kd2 f6 29. exf6+ Rxf6 30. f4 a6 31. Rd7+ Kf8 32. Rd4 Rf1 33. a4 Rf2+ 34. Kc1 Re6 35. axb5 axb5 36. Kb1 Rf1+ 37. Kc2 Rf2+ 38. Kb1 Ke7 39. Kc1 Rf1+ 40. Kc2 Rf2+ 41. Kb1 1/2-1/2

[Event "26th OIBM 2023"]
[Site "Gmund am Tegernsee"]
[Date "2023.11.01"]
[Round "5.39"]
[White "Langner, Robin"]
[Black "Gohla, Ulf"]
[Result "0-1"]
[ECO "E16"]
[WhiteElo "1803"]
[BlackElo "2102"]
[Annotator "ChessBase"]
[PlyCount "120"]
[EventDate "2023.10.04"]
[EventType "swiss"]
[EventCountry "GER"]
[SourceTitle "playchess.com"]
[Source "ChessBase"]
[SourceQuality "1"]
[TimeControl "40/5400+30:1800+30"]

1. d4 Nf6 2. c4 e6 3. g3 d5 4. Bg2 c6 5. Nf3 Be7 6. O-O Nbd7 7. Nc3 b6 8. Bf4 O-O 9. Rc1 Bb7 10. cxd5 Nxd5 11. Ne5 Nxe5 12. Nxd5 exd5 13. Bxe5 Re8 14. Bf4 Bf6 15. Bf3 Qe7 16. Qa4 Qe6 17. Rfd1 g5 18. Be3 Kg7 19. b4 g4 20. Bg2 Qd7 21. Rc3 a5 22. Rb1 b5 23. Qc2 axb4 24. Rxb4 Be7 25. Rb2 b4 26. Rd3 Ba6 27. Rd1 Bc4 28. Bf1 Ra3 29. Ra1 Rea8 30. Bd2 b3 31. axb3 Rxa1 32. bxc4 Qe6 33. c5 Qe4 34. Qxe4 dxe4 35. f4 Rd1 36. Kf2 Raa1 37. Bg2 f5 38. e3 h5 39. h4 Kf7 40. Bc3 Rdc1 41. Bd2 Rg1 42. Bc3 Rgc1 43. Bd2 Rd1 44. Bc3 Ke6 45. Rd2 Rxd2+ 46. Bxd2 Kd5 47. Bf1 Bd8 48. Be1 Ra2+ 49. Be2 Bxh4 50. gxh4 g3+ 51. Kxg3 Rxe2 52. Kh3 Kc4 53. Bf2 Kd3 54. Kg2 Ra2 55. Kf1 Rb2 56. Bg1 Ra2 57. Ke1 Ra1+ 58. Kf2 Kd2 59. Kg2 Ke2 60. Bf2 Ra8 0-1

[Event "26th OIBM 2023"]
[Site "Gmund am Tegernsee"]
[Date "2023.11.01"]
[Round "5.40"]
[White "Mohylnyi, Stepan"]
[Black "Bartali, Simone"]
[Result "1-0"]
[ECO "B52"]
[WhiteElo "2120"]
[BlackElo "1793"]
[Annotator "NA"]
[PlyCount "57"]
[EventDate "2023.10.04"]
[EventType "swiss"]
[EventCountry "GER"]
[SourceTitle "playchess.com"]
[Source "ChessBase"]
[SourceQuality "1"]
[TimeControl "40/5400+30:1800+30"]

1. e4 c5 2. Nf3 d6 3. Bb5+ Bd7 4. Bxd7+ Qxd7 5. d4 cxd4 6. Qxd4 Nc6 7. Qd3 Rc8 8. c4 Nf6 9. Nc3 e6 10. b3 Be7 11. O-O O-O 12. Bb2 Rfd8 13. Rfd1 a6 14. Rac1 Qc7 15. a3 Na5 16. Ne2 Ng4 17. Nfd4 Qb6 18. Qh3 Ne5 19. Rb1 Bf6 20. f4 Nec6 21. Kh1 e5 22. Nf5 Qc7 23. Nc3 Ne7 24. Nxe7+ Qxe7 25. Nd5 Qf8 26. Nxf6+ gxf6 27. Rd3 Nc6 28. Rg3+ Kh8 29. Qh4 1-0

[Event "26th OIBM 2023"]
[Site "Gmund am Tegernsee"]
[Date "2023.11.01"]
[Round "5.41"]
[White "Schaffarczyk, Andre"]
[Black "Groessing, Daniel-Yosuke"]
[Result "1-0"]
[ECO "A28"]
[WhiteElo "2118"]
[BlackElo "1755"]
[Annotator "NA"]
[PlyCount "45"]
[EventDate "2023.10.04"]
[EventType "swiss"]
[EventCountry "GER"]
[SourceTitle "playchess.com"]
[Source "ChessBase"]
[SourceQuality "1"]
[TimeControl "40/5400+30:1800+30"]

1. c4 e5 2. Nc3 Nf6 3. Nf3 Nc6 4. e4 Bc5 5. Nxe5 Nxe5 6. d4 Bd6 7. c5 Bxc5 8. dxe5 Ng8 9. Bc4 Ne7 10. Bg5 O-O 11. Qh5 c6 12. O-O-O b5 13. Bb3 Qc7 14. f4 Be3+ 15. Kb1 Ng6 16. Rhf1 b4 17. Rf3 d5 18. exd6 Qb7 19. Rxe3 bxc3 20. Rxc3 Bd7 21. f5 Ne5 22. Rh3 h6 23. Bxh6 1-0

[Event "26th OIBM 2023"]
[Site "Gmund am Tegernsee"]
[Date "2023.11.01"]
[Round "5.42"]
[White "Kick, Joachim"]
[Black "Shen, Tingrui"]
[Result "0-1"]
[ECO "D37"]
[WhiteElo "2117"]
[BlackElo "1740"]
[Annotator "NA"]
[PlyCount "64"]
[EventDate "2023.10.04"]
[EventType "swiss"]
[EventCountry "GER"]
[SourceTitle "playchess.com"]
[Source "ChessBase"]
[SourceQuality "1"]
[TimeControl "40/5400+30:1800+30"]

1. Nf3 d5 2. d4 Nf6 3. c4 e6 4. Nc3 a6 5. c5 b6 6. cxb6 c5 7. Bf4 Qxb6 8. Na4 Qb5 9. dxc5 Ne4 10. a3 Bd7 11. b3 Bxc5 12. Nxc5 Qxc5 13. Qd4 f6 14. Qxc5 Nxc5 15. b4 Nb7 16. e3 e5 17. Bg3 Ke7 18. Be2 Nd6 19. Nd2 Ba4 20. Rc1 Nd7 21. O-O Nb5 22. e4 d4 23. f4 Nc3 24. Bd3 Bb5 25. Bxb5 axb5 26. Ra1 Ne2+ 27. Kf2 Nxg3 28. hxg3 Rhc8 29. Ke2 Rc3 30. Rf3 Rc2 31. Kd1 Rb2 32. Kc1 Rxb4 0-1

[Event "26th OIBM 2023"]
[Site "Gmund am Tegernsee"]
[Date "2023.11.01"]
[Round "5.43"]
[White "Beisteiner, Joachim"]
[Black "Mazatis, Benjamin"]
[Result "1/2-1/2"]
[ECO "C54"]
[WhiteElo "2115"]
[BlackElo "1666"]
[Annotator "ChessBase"]
[PlyCount "109"]
[EventDate "2023.10.04"]
[EventType "swiss"]
[EventCountry "GER"]
[SourceTitle "playchess.com"]
[Source "ChessBase"]
[SourceQuality "1"]
[TimeControl "40/5400+30:1800+30"]

1. e4 e5 2. Nf3 Nc6 3. Bc4 Nf6 4. d3 Bc5 5. c3 d6 6. O-O a5 7. Re1 Ba7 8. Na3 h6 9. Bb3 O-O 10. h3 Re8 11. Nb5 Bb6 12. Be3 Bxe3 13. Rxe3 Ne7 14. d4 Ng6 15. dxe5 Nxe5 16. Nbd4 g6 17. Qc2 Kg7 18. Rd1 Qe7 19. Nxe5 dxe5 20. Nb5 Qc5 21. a4 Be6 22. Bxe6 Rxe6 23. Qe2 Re7 24. Rd2 Rd7 25. Rxd7 Nxd7 26. Rd3 Nf6 27. Rd2 Re8 28. g3 Re7 29. Kg2 Rd7 30. Rxd7 Nxd7 31. Qd3 Qc6 32. f3 Nb6 33. b3 Qe6 34. c4 Qe7 35. Qc3 c6 36. Qxa5 cxb5 37. Qxb6 bxa4 38. bxa4 Qa3 39. Qxb7 Qa2+ 40. Kg1 Qxa4 41. Qb2 Qa5 42. Qf2 Kf8 43. c5 Qa1+ 44. Kg2 Qc3 45. h4 Ke7 46. g4 g5 47. Kg3 Qc1 48. Kh2 Qf4+ 49. Kh3 Qc1 50. Kg2 Qc3 51. h5 Qc1 52. c6 Qxc6 53. Qa7+ Kf6 54. Qb8 Qe6 55. Qb2 1/2-1/2

[Event "26th OIBM 2023"]
[Site "Gmund am Tegernsee"]
[Date "2023.11.01"]
[Round "5.44"]
[White "Renner, Kai"]
[Black "Grigorian, Volodia"]
[Result "1-0"]
[ECO "B45"]
[WhiteElo "2103"]
[BlackElo "1502"]
[Annotator "NA"]
[PlyCount "59"]
[EventDate "2023.10.04"]
[EventType "swiss"]
[EventCountry "GER"]
[SourceTitle "playchess.com"]
[Source "ChessBase"]
[SourceQuality "1"]
[TimeControl "40/5400+30:1800+30"]

1. e4 c5 2. Nf3 Nc6 3. d4 cxd4 4. Nxd4 Nf6 5. Nc3 e6 6. Ndb5 Bb4 7. a3 Bxc3+ 8. Nxc3 O-O 9. Qd6 Qe7 10. Bf4 a6 11. O-O-O Re8 12. Be2 e5 13. Qxe7 Rxe7 14. Bg5 Nd4 15. Bc4 b5 16. Nd5 Re8 17. Bxf6 bxc4 18. Nc7 Bb7 19. Nxe8 Rxe8 20. Bxe5 Ne2+ 21. Kd2 Rxe5 22. Kxe2 Bxe4 23. Kd2 Bxg2 24. Rhe1 f6 25. Rxe5 fxe5 26. Kc3 d5 27. Re1 e4 28. Kd4 Kf7 29. Re3 Ke6 30. Rg3 1-0

[Event "26th OIBM 2023"]
[Site "Gmund am Tegernsee"]
[Date "2023.11.02"]
[Round "6.1"]
[White "Stocek, Jiri"]
[Black "Vogel, Roven"]
[Result "1/2-1/2"]
[ECO "D47"]
[WhiteElo "2535"]
[BlackElo "2471"]
[Annotator "ChessBase"]
[PlyCount "155"]
[EventDate "2023.10.04"]
[EventType "swiss"]
[EventCountry "GER"]
[SourceTitle "playchess.com"]
[Source "ChessBase"]
[SourceQuality "1"]
[TimeControl "40/5400+30:1800+30"]

1. d4 d5 2. Nf3 Nf6 3. c4 c6 4. Nc3 e6 5. e3 Nbd7 6. Bd3 dxc4 7. Bxc4 b5 8. Bb3 b4 9. Ne2 Bb7 10. O-O Bd6 11. Nf4 O-O 12. Ng5 Qe7 13. Bd2 a5 14. a3 c5 15. Re1 e5 16. axb4 cxb4 17. e4 exf4 18. e5 Nd5 19. Bxd5 Bxd5 20. Bxf4 Bb8 21. Qd3 g6 22. Qb5 h6 23. Qxd5 Nb6 24. Qb5 hxg5 25. Bd2 Bc7 26. Rxa5 Rxa5 27. Qxa5 Nc4 28. Qxb4 Qxb4 29. Bxb4 Rb8 30. Bc3 Nxb2 31. g3 Rb3 32. Bd2 Nd3 33. Ra1 g4 34. Kf1 Rb2 35. Be3 Nb4 36. Bg5 Nd5 37. Re1 Bb6 38. Re4 Rb1+ 39. Kg2 Rd1 40. Rxg4 Bxd4 41. Bf4 Rd3 42. h4 Kf8 43. h5 gxh5 44. Rh4 Ke7 45. Rxh5 Rb3 46. Rh6 Rb2 47. Kf3 Rxf2+ 48. Ke4 Nxf4 49. gxf4 Bb2 50. Rh4 Rc2 51. Kf5 Rc4 52. Rh3 Bc1 53. Rf3 Rc6 54. Rb3 Rc4 55. Rf3 f6 56. exf6+ Kf7 57. Rf1 Rc5+ 58. Kg4 Kxf6 59. Rd1 Rc4 60. Rf1 Ba3 61. Rf3 Bd6 62. Rf1 Rc8 63. Rh1 Kg6 64. Rd1 Be7 65. Ra1 Bf6 66. Ra6 Rc1 67. Rb6 Rg1+ 68. Kf3 Kf7 69. Ke4 Ra1 70. Kf5 Ra5+ 71. Kg4 Be7 72. Rb1 Rd5 73. Rh1 Bd6 74. Rf1 Kf6 75. Rf3 Rd4 76. Rf1 Bxf4 77. Rxf4+ Rxf4+ 78. Kxf4 1/2-1/2